 Dungeon Crawl Stone Soup version 0.28-a0-500-g121bc3e445 (webtiles) character file.

Game seed: 3138447031558861520

10 speeev33 the Skirmisher (level 2, 29/29 HPs)
             Began as a Troll Fighter on Sept 20, 2021.
             Quit the game on level 1 of the Dungeon.
             The game lasted 00:00:42 (431 turns).

speeev33 the Skirmisher (Troll Fighter)              Turns: 431, Time: 00:00:43

Health: 29/29      AC:  4    Str: 23    XL:     2   Next: 10%
Magic:  1/1        EV:  8    Int:  4    God:
Gold:   46         SH:  7    Dex:  9    Spells: 1/1 levels left

rFire   . . .      SeeInvis .     - Unarmed
rCold   . . .      Faith    .   b - +0 kite shield
rNeg    . . .      Spirit   .   a - +0 robe
rPois   .          Reflect  .   (helmet restricted)
rElec   .          Harm     .   (no cloak)
rCorr   .          Rampage  .   (gloves unavailable)
Will    .....                   (boots unavailable)
Stlth   +.........              (no amulet)
HPRegen 1.09/turn               (no ring)
MPRegen 0.07/turn               (no ring)

@: no status effects
A: large, unfitting armour, claws 3, regeneration 1, shaggy fur 1, tough skin 1
a: no special abilities


You were on level 1 of the Dungeon.
You visited 1 branch of the dungeon, and saw 1 of its levels.

You collected 46 gold pieces.

Inventory:

Armour
 a - a +0 robe (worn)
 b - a +0 kite shield (worn)
Scrolls
 d - a scroll of fog {unknown}
Potions
 c - a potion of might
 e - 3 potions of heal wounds


   Skills:
 + Level 2.6 Fighting
 - Level 2.4 Dodging
 + Level 2.6 Shields
 + Level 2.2 Unarmed Combat


You had one spell level left.
You didn't know any spells.
Your spell library was empty.

Dungeon Overview and Level Annotations

Branches:
Dungeon (1/15)

Altars:


Innate Abilities, Weirdness & Mutations

You are too large for most types of armour.
You have claws for hands.
Your natural rate of healing is unusually fast.
You are covered in fur. (AC +1)
You have tough skin. (AC +1)


Message History

You now have 39 gold pieces (gained 8).
A hobgoblin comes into view.
The hobgoblin shouts!
A hobgoblin is nearby!
You block the hobgoblin's attack.
You closely miss the hobgoblin. The hobgoblin barely misses you.
You claw the hobgoblin!
You kill the hobgoblin!
No target in view!
No target in view!
No target in view!
No target in view!
No target in view!
No target in view!
Found a hand axe.
e - 3 potions of heal wounds (gained 1)
Found 27 stones.
d - a scroll labelled QEHIQO UBLUH You see here 27 stones.
Found a runed ring mail.
Found a leather armour.
You open the door.
There is an open door here.
You open the door.
Found a stone staircase leading down.
There is an open door here.
You now have 46 gold pieces (gained 7).
A ball python comes into view.
The ball python hisses angrily.
A kobold comes into view. It is wielding a +0 short sword.
You claw the ball python!
You kill the ball python!
You have reached level 2!
You claw the kobold!
You kill the kobold!
No target in view!
Things that are here:
a +0 short sword; a ball python corpse Search for what [? for help]? .
Are you sure you want to abandon this character and quit the game? (Confirm with "yes".)

##############
#............#
#............#
#............#
#............#
#............# #....@# ..
#.....######...
#...?..........
#.............#.#.
#.>..........#...
#.......#######.####
##+#'#..# ##.......##
#.#.#..###.........##
#####.#.#..##...........#


There were no monsters in sight!

Vanquished Creatures
  A ball python (D:1)
  A goblin (D:1)
  3 hobgoblins (D:1)
  3 kobolds (D:1)
  A rat (D:1)
9 creatures vanquished.

Notes
Turn   | Place    | Note
-------+----------+-------------------------------------------
     0 | D:1      | speeev33 the Troll Fighter began the quest for the Orb.
     0 | D:1      | Reached XP level 1. HP: 22/22 MP: 0/0
   429 | D:1      | Reached XP level 2. HP: 29/29 MP: 1/1
   431 | D:1      | Quit the game

Illustrated notes

Levels and vault maps discovered:
D:1:      psy_arrival_dodecagon, layout_basic

Action                   || total
-------------------------++-------
Melee: Unarmed           ||    12
  Use: Scroll            ||     3
Armor: Robe              ||     2
Dodge: Dodged            ||     2
Block: Kite shield       ||     5

Table legend: (Time is in decaauts)
 A = Elapsed time spent in this place.
 B = Non-inter-level travel time spent in this place.
 C = Inter-level travel time spent in this place.
 D = Time resting spent in this place.
 E = Time spent auto-exploring this place.
 F = Levels seen in this place.
 G = Mean time per level.
                   A        B        C        D        E       F      G
               +--------+--------+--------+--------+--------+-----+--------+
         Total |    433 |    433 |      0 |      0 |    376 |   1 |  433.0 |
       Dungeon |    433 |    433 |      0 |      0 |    376 |   1 |  433.0 |
               +--------+--------+--------+--------+--------+-----+--------+

Top non-repeatable levels by time:
     D:1: 433 daAuts
